 Dungeon Crawl Stone Soup version 0.31-a0-115-g4708a659fe (webtiles) character file.

Game seed: 16603380137082208959

257 BlueFish the Ducker (level 6, -3/43 HPs)
             Began as an Octopode Fighter on May 29, 2023.
             Slain by an orc wizard
             ... wielding a +0 dagger
              (4 damage)
             ... on level 5 of the Dungeon.
             The game lasted 00:03:34 (2909 turns).

BlueFish the Ducker (Octopode Fighter)              Turns: 2909, Time: 00:03:35

Health: -3/43      AC:  1    Str: 16    XL:     6   Next: 16%
Magic:  6/6        EV: 14    Int: 12    God:
Gold:   215        SH:  5    Dex: 17    Spells: 5/5 levels left

rFire   + . .        d - +0 whip
rCold   . . .        b - +0 buckler
rNeg    . . .        (helmet restricted)
rPois   .            p - amulet of faith
rElec   .            x - +6 ring of dexterity
rCorr   .            y - ring of protection from fire
SInv    .            (no ring)
Will    .....        (no ring)
Stlth   +++          (no ring)
HPRegen 0.27/turn    (no ring)
MPRegen 0.10/turn    (no ring)
                     (no ring)

%: faith
@: no status effects
A: almost no armour, amphibious, 8 rings, camouflage 1, gelatinous body 1,
(nimble swimmer 1), tentacles
a: no special abilities


You were on level 5 of the Dungeon.
You visited 1 branch of the dungeon, and saw 5 of its levels.

You collected 215 gold pieces.

Inventory:

Hand Weapons
 a - a +0 flail
 d - a +0 whip (weapon)
Armour
 b - a +0 buckler (worn)
Jewellery
 p - an amulet of faith (around mantle)
 x - a +6 ring of dexterity (left tentacle)
 y - a ring of protection from fire (right tentacle)
Scrolls
 e - 4 scrolls of identify {unknown}
 f - 2 scrolls of torment {unknown}
 g - 3 scrolls of teleportation {unknown}
 h - a scroll of fog {unknown}
 i - 3 scrolls of enchant armour {unknown}
 j - a scroll of noise {unknown}
 k - a scroll of poison {unknown}
 o - a scroll of brand weapon {unknown}
 t - a scroll of amnesia {unknown}
 u - a scroll of immolation {unknown}
 w - a scroll of blinking {unknown}
 z - a scroll of vulnerability {unknown}
Potions
 c - 2 potions of might
 l - a potion of attraction {unknown}
 m - a potion of heal wounds {unknown}
 n - a potion of enlightenment {unknown}
 q - 2 potions of curing {unknown}
 r - 2 potions of brilliance {unknown}
 s - a potion of haste {unknown}
 v - a potion of lignification {unknown}


   Skills:
 + Level 4.1 Fighting
 + Level 3.5 Maces & Flails
 + Level 4.2 Dodging
 + Level 4.2 Shields


You had 5 spell levels left.
You didn't know any spells.
Your spell library was empty.

Dungeon Overview and Level Annotations

Branches:
Dungeon (5/15)
 Temple: D:4-7

Altars:
Gozag
Ru

Shops:
D:1 ?*=::   D:4 *


Innate Abilities, Weirdness & Mutations

You cannot wear most types of armour.
You are amphibious.
You can wear up to eight rings at the same time.
Your skin changes colour to match your surroundings (Stealth+).
Your rubbery body absorbs attacks. (AC +1, EV +1)
((You are camouflaged when in or above water. (Stealth+)))
You have tentacles for arms and can constrict up to eight enemies at once.


Message History

You are too injured to fight recklessly!
You are too injured to fight recklessly!
You hit the orc priest but do no damage.
The orc priest is heavily wounded.
You constrict the orc priest.
You hear some strange, mumbled words.
A magic dart appears from out of thin air!
The magic dart hits you! The orc priest hits you with a +0 club.
The orc closely misses you.
You hit the orc priest. You squeeze the orc priest.
You kill the orc priest!
The orc hits you with a +0 club. Something barely misses you.
Something hits you.
Things that are here:
a +0 club; an orc corpse You hit something but do no damage.
Something barely misses you. You block the orc's attack.
You hit the orc. Your grab misses the orc.
The orc is severely wounded.
You hear some strange, mumbled words.
A magic dart appears from out of thin air!
The magic dart hits you!
* * * LOW HITPOINT WARNING * * *
The orc barely misses you.
You hit the orc.
You kill the orc!
Something hits you.
* * * LOW HITPOINT WARNING * * *
You hit something.
Your tentacle-slap misses something.
Something barely misses you.
You barely miss something.
Your tentacle-slap misses something.
You squeeze something. Something hits you.
* * * LOW HITPOINT WARNING * * *
You hit something but do no damage. Your squeeze misses something.
You hear some strange, mumbled words.
A puff of flame appears from out of thin air!
The puff of flame hits you. You resist.
* * * LOW HITPOINT WARNING * * *
You miss something. Your squeeze misses something. Something hits you.
You die...

.........###.......#
.>.......#.#........#
.........#............
..........##.........
#...................
###...#..#..#.......
#.........##......#
##..)......# .....#
#...){@..### ....
#....)....#
#.............
#...$......##.
#..####...... ##.
.###### ## ##


There were no monsters in sight!

Vanquished Creatures
  An ogre (D:4)
  An orc priest (D:5)
  2 iguanas (D:4)
  3 adders
  A worm (D:4)
  3 dart slugs
  4 orcs
  3 ball pythons
  4 endoplasms
  3 giant cockroaches
  5 goblins
  3 hobgoblins
  4 kobolds
  6 quokkas
  4 frilled lizards
  8 rats
55 creatures vanquished.

Notes
Turn   | Place    | Note
-------+----------+-------------------------------------------
     0 | D:1      | BlueFish the Octopode Fighter began the quest for the Orb.
     0 | D:1      | Reached XP level 1. HP: 16/16 MP: 1/1
    35 | D:1      | Found Foigorgh's Assorted Antiques.
   184 | D:1      | Reached XP level 2. HP: 21/21 MP: 2/2
   223 | D:1      | Found Jilits's Book Shoppe.
   266 | D:1      | Found Mupregg's Book Boutique.
   337 | D:1      | Found Jopsid's Jewellery Shop.
   506 | D:1      | Found Emufae Xoeg's Magic Scroll Emporium.
   760 | D:2      | Found a sacrificial altar of Ru.
   813 | D:2      | Reached XP level 3. HP: 25/26 MP: 3/3
  1539 | D:3      | Reached XP level 4. HP: 31/31 MP: 4/4
  1612 | D:3      | Found an opulent altar of Gozag.
  2605 | D:4      | Reached XP level 5. HP: 24/37 MP: 5/5
  2757 | D:4      | Noticed an ogre
  2766 | D:4      | Killed an ogre
  2767 | D:4      | Reached XP level 6. HP: 43/43 MP: 6/6
  2847 | D:4      | Found Qevuf's General Store.
  2882 | D:5      | Entered Level 5 of the Dungeon
  2908 | D:5      | HP: 1/43 [something/puff of flame (4)]
  2909 | D:5      | Slain by an orc wizard

Illustrated notes

Levels and vault maps discovered:
D:1:      onia_arrival_pentagram, layout_basic, serial_shops,
          nicolae_shop_rolled_up, shop, nicolae_shop_statue_plus,
          nicolae_shop_stone, shop, roderic_filled_cross, st_stairs_13,
          serial_bayou_lagoon_a
D:2:      layout_rooms, basic_altar
D:3:      layout_loops_corners, lemuel_crystal_altar,
          chequers_serial_rivers_small_3
D:4:      layout_basic, serial_shops, shop
D:5:      layout_cave_pools, kennysheep_donut

Skill      XL: |  1  2  3  4  5 |
---------------+----------------+-----
Maces & Flails | 3 |  3.5
Fighting       | 4 |  4.1
Dodging        | 4 |  4.2
Shields        | 4 |  4.2

Action                     |  1- 3 |  4- 6 || total
---------------------------+-------+-------++-------
  Melee: Whip              |    65 |    63 ||   128
         Constrict         |    20 |    14 ||    34
         Tentacles         |    10 |    10 ||    20
   Stab: Sleeping          |    11 |     3 ||    14
 Armour: Skin              |     3 |     3 ||     6
  Dodge: Dodged            |    15 |    26 ||    41
  Block: Buckler           |    10 |    11 ||    21

Table legend: (Time is in decaauts)
 A = Elapsed time spent in this place.
 B = Non-inter-level travel time spent in this place.
 C = Inter-level travel time spent in this place.
 D = Time resting spent in this place.
 E = Time spent auto-exploring this place.
 F = Levels seen in this place.
 G = Mean time per level.
                   A        B        C        D        E       F      G
               +--------+--------+--------+--------+--------+-----+--------+
         Total |   2906 |   2811 |     95 |      0 |   2267 |   5 |  581.2 |
       Dungeon |   2906 |   2811 |     95 |      0 |   2267 |   5 |  581.2 |
               +--------+--------+--------+--------+--------+-----+--------+

Top non-repeatable levels by time:
     D:3: 884 daAuts
     D:4: 809 daAuts
     D:1: 761 daAuts
     D:2: 425 daAuts
     D:5: 25 daAuts
